 Dungeon Crawl Stone Soup version 0.28.0-45-g0d030f2227 (webtiles) character file.

Game seed: 12331325884973136313

34 vloertegel the Sneak (level 3, 0/16 HPs)
             Began as a Vine Stalker Enchanter on Mar 30, 2022.
             Was a Follower of Qazlal.
             Succumbed to an adder's poison
             ... on level 2 of the Dungeon.
             The game lasted 00:03:29 (1570 turns).

vloertegel the Sneak (Vine Stalker Enchanter)       Turns: 1570, Time: 00:03:30

Health: 0/16       AC:  2    Str: 10    XL:     3   Next: 31%
Magic:  4/7        EV: 12    Int: 15    God:    Qazlal [*.....]
Gold:   17         SH:  1    Dex: 16    Spells: 6/6 levels left

rFire   . . .      SeeInvis .   a - +1 dagger
rCold   . . .      Faith    .   (no shield)
rNeg    . . .      Spirit   +   b - +0 robe
rPois   .          Reflect  .   (no helmet)
rElec   .          Harm     .   (no cloak)
rCorr   .          Rampage  .   (no gloves)
Will    .....                   (no boots)
Stlth   +++.......              (no amulet)
HPRegen 0.05/turn               (no ring)
MPRegen 0.10/turn               (no ring)

@: lethally poisoned (0 -> -4)
A: fangs 2, magic shield, antimagic bite, no potion heal 2
a: Renounce Religion


You were on level 2 of the Dungeon.
You worshipped Qazlal.
Qazlal was aware of your devotion.
You visited 1 branch of the dungeon, and saw 2 of its levels.

You collected 17 gold pieces.

Inventory:

Hand Weapons
 a - a +1 dagger (weapon)
Armour
 b - a +0 robe (worn)
Potions
 c - a potion of invisibility
 d - a potion of curing {unknown}
 e - 2 potions of lignification {unknown}


   Skills:
 + Level 0.1 Fighting
 + Level 1.0 Short Blades
 + Level 1.9 Dodging
 + Level 4.5 Stealth
 + Level 2.3 Spellcasting
 + Level 3.3 Hexes


You had 6 spell levels left.
You didn't know any spells.
Your spell library contained the following spells:

 Spells                   Type           Power      Damage    Failure   Level
 Ensorcelled Hibernation  Hex/Ice        12%        N/A       16%         2
 Confusing Touch          Hex            11%        N/A       16%         3
 Tukima's Dance           Hex            11%        N/A       16%         3
 Dazzling Flash           Conj/Hex       12%        N/A       32%         3
 Portal Projectile        Hex/Tloc       12%        N/A       32%         3
 Call Canine Familiar     Summ           1%         N/A       54%         3
 Leda's Liquefaction      Hex/Erth       3%         N/A       71%         4


Dungeon Overview and Level Annotations

Branches:
Dungeon (2/15)

Altars:
Qazlal


Innate Abilities, Weirdness & Mutations

You have extremely sharp teeth.
When hurt, damage is shared between your health and your magic reserves.
Your bite disrupts and absorbs the magic of your enemies.
Potions cannot restore your health.


Message History

An adder comes into view.
Found a stone staircase leading down.
A frilled lizard comes into view.
The frilled lizard hisses angrily.
There is a stone staircase leading down here.
You miss the frilled lizard. The frilled lizard bites you.
You hit the frilled lizard.
You kill the frilled lizard!
Qazlal accepts your kill.
You barely miss the adder. Your bite misses the adder. The adder bites you.
You are poisoned.
The adder poisons you! The adder bites you.
You are lethally poisoned!
The adder poisons you!
You hit the adder. You bite the adder, but do no damage.
The adder is moderately wounded.
You feel very sick. The adder barely misses you.
You hit the adder. You bite the adder. You drain its power.
You feel invigorated.
The adder is heavily wounded.
You feel sick. The adder closely misses you.
You completely miss the adder. You bite the adder. You drain its power.
You feel invigorated.
The adder is almost dead.
* * * LOW HITPOINT WARNING * * *
You feel sick. The adder bites you but does no damage.
You miss the adder. You bite the adder. You drain its power.
The adder is almost dead.
* * * LOW HITPOINT WARNING * * *
You feel sick. The adder bites you.
* * * LOW HITPOINT WARNING * * *
You hit the adder but do no damage. Your bite misses the adder.
The adder is almost dead.
* * * LOW HITPOINT WARNING * * *
You feel sick. The adder barely misses you. x2
You hit the adder.
You kill the adder!
Qazlal accepts your kill.
You die...

#.........#.#
#.#########.# #.#
#..# #.# #.## #.#
#.# ##.## #.# #...#
##.##
#...######...#####
#.@.#..............
##.##.####...#####.
#.##.#####.##
#.##...# #.#
#.####.###.#
#.###)..##.#
.#.#.....#.# #
.#.....#.#####
#.#.#.#.....###


There were no monsters in sight!

Vanquished Creatures
  An adder (D:2)
  A ball python (D:1)
  5 bats (D:1)
  5 endoplasms (D:1)
  2 giant cockroaches
  4 hobgoblins
  5 kobolds (D:1)
  2 quokkas (D:1)
  2 frilled lizards
  2 rats (D:1)
29 creatures vanquished.

Notes
Turn   | Place    | Note
-------+----------+-------------------------------------------
     0 | D:1      | vloertegel the Vine Stalker Enchanter began the quest for
                  | the Orb.
     0 | D:1      | Reached XP level 1. HP: 9/9 MP: 4/4
   219 | D:1      | Found a faded altar of an unknown god.
   244 | D:1      | Reached skill level 4 in Stealth
   245 | D:1      | Reached XP level 2. HP: 6/13 MP: 4/6
  1075 | D:1      | Reached XP level 3. HP: 16/16 MP: 7/7
  1242 | D:1      | Reached skill level 1 in Short Blades
  1333 | D:1      | Prayed at the altar of an unknown god.
  1333 | D:1      | Became a worshipper of Qazlal Stormbringer
  1333 | D:1      | Reached * piety under Qazlal
  1570 | D:2      | Succumbed to an adder's poison

Illustrated notes

Levels and vault maps discovered:
D:1:      denvon_arrival_hothouse, layout_loops_ring,
          ebering_ecumenical_altar_petrified
D:2:      layout_loops_ring, uniq_sigmund

Skill      XL: |  1  2  3 |
---------------+----------+-----
Stealth        | 4 |  4.5
Short Blades   | 1 |  1.0
Fighting       | |  0.1
Dodging        | |  1.9
Spellcasting   | |  2.3
Hexes          | |  3.3

Action                   || total
-------------------------++-------
Melee: Dagger            ||    86
       Bite              ||    20
       Punch             ||     1
  Use: Scroll            ||     2
 Stab: Sleeping          ||     6
Armor: Robe              ||    12
Dodge: Dodged            ||    39
